 Dungeon Crawl Stone Soup version 0.22-a0-48-g8770677 (webtiles) character file.

2 KristoblXynda the Slasher (level 1, 0/19 HPs)
             Began as a Naga Gladiator on Jan 7, 2018.
             Slain by a goblin
             ... wielding a +0 club
              (2 damage)
             ... on level 1 of the Dungeon.
             The game lasted 00:00:59 (149 turns).

KristoblXynda the Slasher (Naga Gladiator)           Turns: 149, Time: 00:00:59

Health: 0/19       AC:  3    Str: 16    XL:     1   Next: 40%
Magic:  1/1        EV:  9    Int:  8    God:
Gold:   19         SH:  0    Dex: 12    Spells: 0/0 levels left

rFire    . . .     SeeInvis +   a - +0 long sword
rCold    . . .     Gourm    .   (no shield)
rNeg     . . .     Faith    .   e - +0 ring mail
rPois    +         Spirit   .   c - +0 helmet
rElec    .         Reflect  .   (no cloak)
rCorr    .         Harm     .   (no gloves)
MR       .....                  (no barding)
Stlth    +.........             (no amulet)
HPRegen  0.06/turn              (no ring)
MPRegen  0.07/turn              (no ring)

@: very slow
A: large, see invisible, deformed body, poison resistance, slowness 2, slow
metabolism 1, spit poison 1, AC +0
a: Spit Poison


You were on level 1 of the Dungeon.
You were not hungry.

You visited 1 branch of the dungeon, and saw 1 of its levels.

You collected 19 gold pieces.

Inventory:

Hand Weapons
 a - a +0 long sword (weapon)
Missiles
 d - 3 throwing nets (quivered)
Armour
 c - a +0 helmet (worn)
 e - a +0 ring mail (worn)
Jewellery
 g - an uncursed ring of magical power {unknown}
Potions
 b - a potion of might {unknown}
Comestibles
 f - 3 rations


   Skills:
 - Level 2.0 Fighting
 + Level 3.0 Long Blades
 + Level 1.8 Throwing
 + Level 2.4 Dodging


You couldn't memorise any spells.
You didn't know any spells.

Dungeon Overview and Level Annotations

Branches:
Dungeon (1/15)

Altars:


Innate Abilities, Weirdness & Mutations

You cannot wear boots.
Your serpentine skin is tough. (AC +0)
You have supernaturally acute eyesight. (SInv)
Armour fits poorly on your strangely shaped body.
Your system is resistant to poisons. (rPois)
You cover ground very slowly.
You have a slow metabolism.
You can spit poison.


Message History

A goblin comes into view. It is wielding a club.
The goblin shouts!
You see here a silvery potion.
A goblin is nearby!
The goblin hits you but does no damage.
You barely miss the goblin. The goblin hits you with a club.
You miss the goblin. The goblin completely misses you.
You barely miss the goblin. The goblin hits you with a club.
You closely miss the goblin. The goblin barely misses you.
You riposte.
You hit the goblin but do no damage. You closely miss the goblin.
The goblin hits you but does no damage.
You miss the goblin. The goblin hits you with a club.
You closely miss the goblin. The goblin closely misses you.
You closely miss the goblin. The goblin hits you with a club.
You closely miss the goblin. The goblin hits you but does no damage.
The goblin hits you with a club.
* * * LOW HITPOINT WARNING * * *
You miss the goblin. The goblin hits you but does no damage.
You closely miss the goblin. The goblin hits you with a club.
You die...

#... #... .... #... ###
## .######## ##.
......g.### . ..... ##
###### #@!.##..## #....
.... #....# ##.......#
#.#..
..#..##....###..###.#..
#....
#..#................$.
...#.
..>##.....#######.###
..... ####.##....##
##... #.......#### ##
#.. .........# ##.. #..
.........# #.. ###


You could see a goblin.

Vanquished Creatures
  A goblin (D:1)
  A bat (D:1)
  A kobold (D:1)
3 creatures vanquished.

Notes
Turn   | Place    | Note
-------+----------+-------------------------------------------
     0 | D:1      | KristoblXynda the Naga Gladiator began the quest for the Orb.
     0 | D:1      | Reached XP level 1. HP: 19/19 MP: 1/1
   149 | D:1      | Slain by a goblin

Vault maps used:
D:1:      wheals_arrival_shading, moated_statue

Action                   || total
-------------------------++-------
Melee: Long sword        ||    21
Armor: Ring mail         ||     8
Dodge: Dodged            ||    10
       Rpst.: Long sword ||     5

Table legend:
 A = Spawn XP
 B = Non-spawn XP
 C = Spawn XP percentage of total XP
 D = Spawn monster count
 E = Non-spawn monster count
 F = Spawn count percentage of total count
 G = Total turns spent on level
                    A         B        C        D         E        F      G
               +---------+---------+-------+---------+---------+-------+---------
         Total |       0 |       4 |   0.0 |       0 |       3 |   0.0 |   149
               +---------+---------+-------+---------+---------+-------+---------
           D:1 |       0 |       4 |   0.0 |       0 |       3 |   0.0 |   149
               +---------+---------+-------+---------+---------+-------+---------
